 Dungeon Crawl Stone Soup version 0.22-a0-619-ga0c6fd2 (webtiles) character file.

11468 sking99 the Martial Artist (level 11, -14/92 HPs)
             Began as an Octopode Transmuter on July 14, 2018.
             Was an Elder of Okawaru.
             Demolished by a skeletal warrior
             ... wielding a +0 trident
             ... led by a skeletal warrior
              (23 damage)
             ... on level 8 of the Dungeon.
             The game lasted 00:24:50 (12623 turns).

sking99 the Martial Artist (Octopode Transmuter)   Turns: 12623, Time: 00:24:51

Health: -14/92     AC:  6    Str: 11    XL:     11   Next: 78%
Magic:  23/23      EV: 14    Int: 15    God:    Okawaru [****..]
Gold:   449        SH:  0    Dex: 17    Spells: 3/14 levels left

rFire    . . .     SeeInvis +     - Unarmed
rCold    + + +     Gourm    .   (shield currently unavailable)
rNeg     + . .     Faith    .   (helmet currently unavailable)
rPois    +         Spirit   .   f - amulet "Viocis" {RegenMP rF+ rN+}
rElec    .         Reflect  .   b - +2 ring of strength
rCorr    .         Harm     .   m - ring of magical power
MR       .....                  n - ring of stealth
Stlth    +++.......             C - ring of see invisible
HPRegen  0.25/turn              (no ring)
MPRegen  0.43/turn              (no ring)
                                (no ring)
                                (no ring)

@: ice-form, very slightly contaminated
A: large, almost no armour, stealthy swim, amphibious, 8 rings, (constrict 8)
a: End Transformation, Heroism, Renounce Religion


You were on level 8 of the Dungeon.
You worshipped Okawaru.
Okawaru was greatly pleased with you.
You were not hungry.
You were a creature of crystalline ice.
You visited 2 branches of the dungeon, and saw 9 of its levels.
You also visited: Ossuary.

You collected 449 gold pieces.

Inventory:

Missiles
 a - 123 arrows
Armour
 r - a +0 hat of intelligence (melded)
Jewellery
 b - a +2 ring of strength (left front paw)
 f - the amulet "Viocis" (around neck) {RegenMP rF+ rN+}
   (You found it on level 7 of the Dungeon)

   [amulet of magic regeneration]

   It increases your magic regeneration.
   It protects you from fire.
   It protects you from negative energy.
 m - a ring of magical power (right front paw)
 n - a ring of stealth (on tentacle)
 C - a ring of see invisible (on tentacle)
Wands
 h - a wand of digging (11)
Scrolls
 g - 3 scrolls of blinking
 i - 7 scrolls of remove curse
 o - a scroll of identify
 p - a scroll of magic mapping
 q - 2 scrolls of enchant weapon
 s - a scroll of fear
 w - 2 scrolls of amnesia
 y - 2 scrolls of fog
Potions
 d - a potion of brilliance
 e - a potion of agility
 j - 2 potions of heal wounds
 k - 2 potions of curing
 l - a potion of lignification
 t - a potion of cancellation
 u - a potion of ambrosia
 v - a potion of berserk rage {unknown}
 z - a potion of invisibility {unknown}
 A - a potion of degeneration {unknown}
 B - a potion of mutation {unknown}
 D - a potion of magic {unknown}
Comestibles
 c - 15 rations
 x - 9 chunks of flesh


   Skills:
 - Level 8.1 Fighting
 - Level 7.1 Dodging
 - Level 12.2 Unarmed Combat
 - Level 2.0 Spellcasting
 + Level 1.9 Translocations
 + Level 7.7 Transmutations
 - Level 4.3 Ice Magic
 - Level 2.0 Poison Magic


You had 3 spell levels left.
You knew the following spells:

 Your Spells              Type           Power        Failure   Level  Hunger
a - Blink                 Tloc           N/A          16%         2    ###....
b - Sticks to Snakes      Tmut           ###.....     1%          2    ###....
c - Spider Form           Tmut/Pois      ###.......   9%          3    ###....
d - Ice Form              Ice/Tmut       ###.....     19%         4    #####..

Your spell library contained the following spells:

 Spells                   Type           Power        Failure   Level  Hunger
 Magic Dart               Conj           #...         22%         1    #......
 Conjure Flame            Conj/Fire      #.......     54%         3    ###....
 Slow                     Hex            #.......     32%         2    ###....
 Mephitic Cloud           Conj/Pois/Air  #.......     45%         3    ###....
 Call Imp                 Summ           #.......     32%         2    ###....
 Blade Hands              Tmut           ###.......   26%         5    ######.
 Beastly Appendage        Tmut           ###...       1%          1    #......


Dungeon Overview and Level Annotations

Branches:
Dungeon (8/15)             Temple (1/1) D:4
   Lair: D:8-11

Altars:
Ashenzari
Cheibriados
Dithmenos
Elyvilon
Fedhas
Gozag
Hepliaklqana
Kikubaaqudgha
Makhleb
Nemelex Xobeh
Okawaru
Qazlal
Ru
Sif Muna
Trog
Uskayaw
Vehumet
Wu Jian
Xom
Yredelemnul
Zin
The Shining One


Innate Abilities, Weirdness & Mutations

You cannot wear most types of armour.
You are very stealthy in the water. (Stealth+)
You are amphibious.
You can wear up to eight rings at the same time.
((You can use your tentacles to constrict eight enemies at once.))
((Your skin changes colour to match your surroundings (Stealth+).))
((Your rubbery body absorbs attacks. (AC +1, EV +1)))


Message History

You see here an arrow.
You completely miss the cyan ugly thing.
The cyan ugly thing completely misses you.
The centaur shoots an arrow.
The arrow hits you!
You pummel the cyan ugly thing!! You freeze the cyan ugly thing.
The cyan ugly thing is heavily wounded.
You hear a shout!
The cyan ugly thing headbutts you! The cyan ugly thing shocks you!
The centaur shoots an arrow.
The arrow hits you!
* * * LOW HITPOINT WARNING * * *
Unknown command.
Blink to where?
Press: ? - help, Dir - move target cursor
As you read the scroll of blinking, it crumbles to dust.
The cyan ugly thing headbutts you.
* * * LOW HITPOINT WARNING * * *
The cyan ugly thing shocks you!
* * * LOW HITPOINT WARNING * * *
The skeletal warrior hits you from afar with a trident!!
You die...

,,,* ******,*,*****,##.....# #.
,,,* #.#.* *.#.....<# #. ,,,*
**##.#.####*.#......# #. ****
*,........##.#..#.#.#####.
***#..............#+#.....
*******...........[##........
***,,,,,**#..........##........
**,,,,,,,,,*#....z.....'........
**,,,,,,,,,,,*#.Y##..#.##........
*,,,,*****,,,,#..u...#.###'#.....
*,,,*,,,,,*,,,#....ยง....##.#.##..
*,,*,,,,,,,*,,##.##..#..##.#.##..
*,*,,,,,,,,,*,#..##...)..........
**,,,,,,,,,,,*#o.###!##c.#.#.....
,+,,,,,,,,,,,+...# #.##..#.......
**,,,,,,,,,,,##.## #.....c.####.#
*,*,,,,,,,,,*,#.* ####..#.####.#


You could see a cyan ugly thing, a skeletal warrior, a centaur and an orc
priest.

Vanquished Creatures
  A two-headed ogre (D:8)
  2 skeletal warriors (D:8)
  Grinder (D:5)
  A hippogriff (D:7)
  Sigmund (D:2)
  A human (D:7)
  4 hogs (D:7)
  A hungry ghost (D:5)
  Menkaure (D:6)
  The ghost of tilp the Chiller, an amateur MfIE (D:3)
  Duvessa (D:6)
  3 orc warriors
  2 sky beasts (D:6)
  A black bear (D:8)
  A necrophage (D:6)
  A phantom (D:4)
  An ogre (D:8)
  2 centaurs (D:8)
  3 bullfrogs
  4 water moccasin zombies (Ossuary)
  A wyvern zombie (D:8)
  Dowan (D:6)
  A scorpion (D:3)
  4 howler monkeys
  A bullfrog zombie (D:8)
  2 centaur zombies
  4 hounds
  A jelly (D:5)
  2 bullfrog skeletons
  A centaur skeleton (D:6)
  6 orc priests
  6 worker ants
  4 iguanas
  3 orc wizards
  A killer bee zombie (D:7)
  3 big kobold zombies (Ossuary)
  2 mummies (Ossuary)
  4 gnolls (D:6)
  15 adders
  2 oozes (D:2)
  7 adder zombies (Ossuary)
  2 adder skeletons
  6 worms
  4 dart slugs
  3 leopard geckos
  32 orcs
  15 bats
  4 giant cockroaches
  4 goblins
  9 hobgoblins
  8 jackals
  A ball python (D:4)
  4 frilled lizards
  3 gnoll zombies (Ossuary)
  4 hobgoblin zombies (Ossuary)
  6 kobolds
  2 kobold zombies (Ossuary)
  A leopard gecko skeleton (D:6)
  11 orc zombies
  5 rats
228 creatures vanquished.

Notes
Turn   | Place    | Note
-------+----------+-------------------------------------------
     0 | D:1      | sking99 the Octopode Transmuter began the quest for the Orb.
     0 | D:1      | Reached XP level 1. HP: 13/13 MP: 3/3
   373 | D:1      | Reached XP level 2. HP: 16/18 MP: 3/5
  1106 | D:1      | Learned a level 2 spell: Sticks to Snakes
  1118 | D:2      | Reached XP level 3. HP: 23/23 MP: 3/6
  1211 | D:2      | You fall through a shaft for 2 floors!
  1271 | D:4      | Learned a level 3 spell: Spider Form
  1862 | D:4      | Reached skill level 4 in Unarmed Combat
  1862 | D:4      | Reached skill level 1 in Poison Magic
  1862 | D:4      | Reached XP level 4. HP: 18/28 MP: 7/7
  1943 | D:4      | Reached XP level 5. HP: 30/33 MP: 8/8
  2781 | D:2      | Noticed Sigmund
  2790 | D:2      | Killed Sigmund
  2790 | D:2      | Reached skill level 5 in Unarmed Combat
  2790 | D:2      | Reached XP level 6. HP: 21/38 MP: 5/9
  3231 | D:2      | Reached skill level 6 in Unarmed Combat
  3948 | D:3      | Reached XP level 7. HP: 35/44 MP: 6/10
  4227 | D:3      | Found a runed gate.
  4227 | D:3      | Found a runed gate.
  4239 | D:3      | Found a runed gate.
  4308 | D:3      | Noticed tilp's ghost (amateur MfIE)
  4470 | D:3      | Killed tilp's ghost
  5455 | D:4      | Found a staircase to the Ecumenical Temple.
  5568 | Temple   | Entered the Ecumenical Temple
  5674 | Temple   | Became a worshipper of Warmaster Okawaru
  5777 | D:5      | Entered Level 5 of the Dungeon
  5777 | D:5      | Noticed a hungry ghost
  5780 | D:5      | Noticed Grinder
  5789 | D:5      | Killed a hungry ghost
  5789 | D:5      | Reached skill level 7 in Unarmed Combat
  5789 | D:5      | Reached XP level 8. HP: 34/51 MP: 11/11
  5798 | D:5      | Killed Grinder
  6396 | D:5      | Reached * piety under Okawaru
  6450 | D:5      | HP: 2/52 [orc priest/nerve-wracking pain (10)]
  7747 | D:5      | Reached skill level 8 in Unarmed Combat
  8192 | D:6      | Noticed Duvessa
  8212 | D:5      | Learned a level 2 spell: Blink
  8255 | D:6      | Killed Duvessa
  8266 | D:6      | Noticed Dowan
  8279 | D:6      | Killed Dowan
  8602 | D:6      | Reached skill level 5 in Dodging
  8602 | D:6      | Reached XP level 9. HP: 50/59 MP: 12/12
  8852 | D:6      | Reached skill level 9 in Unarmed Combat
  8966 | D:6      | Found a radiant altar of Vehumet.
  9394 | D:6      | Reached skill level 5 in Fighting
  9408 | D:6      | Noticed Menkaure
  9413 | D:6      | Killed Menkaure
  9413 | D:6      | Reached ** piety under Okawaru
  9530 | D:7      | Identified a scroll of acquirement
  9539 | D:7      | Found a sand-covered staircase.
  9553 | Ossuary  | Entered an ossuary
 10440 | D:7      | Got an ancient zirconium amulet
 10602 | D:7      | Reached skill level 10 in Unarmed Combat
 10623 | D:7      | Reached XP level 10. HP: 32/68 MP: 13/13
 11543 | D:7      | Found a sparkling altar of Nemelex Xobeh.
 11687 | D:7      | Learned a level 4 spell: Ice Form
 11688 | D:8      | Noticed a skeletal warrior
 11688 | D:8      | Noticed a skeletal warrior
 11872 | D:8      | Noticed a two-headed ogre
 11894 | D:8      | Killed a two-headed ogre
 11894 | D:8      | Reached skill level 1 in Ice Magic
 11961 | D:8      | Noticed a skeletal warrior
 11973 | D:8      | Killed a skeletal warrior
 11973 | D:8      | Reached *** piety under Okawaru
 11973 | D:8      | Reached skill level 11 in Unarmed Combat
 11987 | D:8      | Reached skill level 12 in Unarmed Combat
 11987 | D:8      | Reached XP level 11. HP: 37/77 MP: 12/14
 12296 | D:8      | Identified the amulet "Viocis" {RegenMP rF+ rN+} (You found it on level 7 of the Dungeon)
 12471 | D:8      | Killed a skeletal warrior
 12471 | D:8      | Reached skill level 1 in Translocations
 12591 | D:8      | Reached **** piety under Okawaru
 12617 | D:8      | Noticed a cyan ugly thing
 12623 | D:8      | Demolished by a skeletal warrior

Vault maps used:
D:1:      dpeg_arrival_short_road, minmay_unequal
D:2:      first_ration, st_stairs_8, minmay_close_crescents, uniq_sigmund
D:3:      minmay_diamond_boxcup, ebering_ghost_rock_garden
D:4:      minmay_temple_entry_overgrown
D:5:      minivault_24, st_stairs_13, uniq_grinder
D:6:      cheibrodos_helix_gallery, marbit_many_paths, uniq_menkaure,
          uniq_duvessa
D:7:      enter_ossuary_3, basic_altar, grunt_livestock
D:8:      kennysheep_ambush_hall
Temple:   compressed_dpeg_circular_temple
Ossuary:  ossuary_tomb_2

Skill      XL: |  1  2  3  4  5  6  7  8  9 10 11 |
---------------+----------------------------------+-----
Unarmed Combat | 4 5 6 7 8 10 12 | 12.2
Poison Magic   | 1 2 |  2.0
Transmutations | 3 4 7 |  7.7
Fighting       | 2 4 6 7 8 |  8.1
Dodging        | 3 5 6 7 |  7.1
Ice Magic      | 4 |  4.3
Translocations | 1 |  1.9
Spellcasting   | |  2.0

Action                   |  1- 3 |  4- 6 |  7- 9 | 10-12 || total
-------------------------+-------+-------+-------+-------++-------
Melee: Unarmed           |    58 |   142 |   376 |   130 ||   706
       Kick              |     8 |     4 |       |       ||    12
       Constrict         |    14 |    13 |    14 |     1 ||    42
       Tentacles         |     7 |    10 |    11 |     1 ||    29
       Punch             |       |     1 |     3 |       ||     4
 Cast: Beastly Appendage |    10 |     3 |       |       ||    13
       Spider Form       |     1 |    15 |    47 |    12 ||    75
       Sticks to Snakes  |     1 |     1 |     3 |     8 ||    13
       Ice Form          |       |       |       |     2 ||     2
       Blink             |       |       |       |     1 ||     1
Invok: Heroism           |       |       |    12 |     6 ||    18
 Abil: End Transformatio |       |       |       |     1 ||     1
  Use: Scroll            |     4 |     1 |    15 |     4 ||    24
       Potion            |       |       |     5 |     3 ||     8
 Stab: Sleeping          |     2 |     3 |     6 |       ||    11
       Distracted        |       |       |     1 |       ||     1
  Eat: Chunk             |     2 |    10 |    16 |     8 ||    36
       Ration            |       |       |     4 |       ||     4
Armor: Skin              |     4 |    13 |    15 |     2 ||    34
Dodge: Dodged            |    35 |   118 |   279 |   113 ||   545

Table legend:
 A = Spawn XP
 B = Non-spawn XP
 C = Spawn XP percentage of total XP
 D = Spawn monster count
 E = Non-spawn monster count
 F = Spawn count percentage of total count
 G = Total turns spent on level
                    A         B        C        D         E        F      G
               +---------+---------+-------+---------+---------+-------+---------
         Total |       0 |    9032 |   0.0 |       0 |     228 |   0.0 | 12623
               +---------+---------+-------+---------+---------+-------+---------
           D:1 |       0 |      30 |   0.0 |       0 |      15 |   0.0 |  1107
           D:2 |       0 |     340 |   0.0 |       0 |      26 |   0.0 |  1125
           D:3 |       0 |     332 |   0.0 |       0 |      33 |   0.0 |  1802
           D:4 |       0 |     350 |   0.0 |       0 |      16 |   0.0 |  1890
           D:5 |       0 |     786 |   0.0 |       0 |      27 |   0.0 |  2132
           D:6 |       0 |    1404 |   0.0 |       0 |      32 |   0.0 |  1352
           D:7 |       0 |    1860 |   0.0 |       0 |      18 |   0.0 |  1786
           D:8 |       0 |    3437 |   0.0 |       0 |      26 |   0.0 |   625
       Ossuary |       0 |     493 |   0.0 |       0 |      35 |   0.0 |   683
               +---------+---------+-------+---------+---------+-------+---------
